 Dungeon Crawl Stone Soup version 0.18-a0-1773-gec4f98e (webtiles) character file.

94 Moloch the Ruffian (level 4, -2/38 HPs)
             Began as a Draconian Fighter on Apr 14, 2016.
             Was an Initiate of Qazlal.
             Killed from afar by an orc wizard (4 damage)
             ... with a magic dart
             ... on level 3 of the Dungeon.
             The game lasted 00:03:04 (1614 turns).

Moloch the Ruffian (Draconian Fighter)              Turns: 1614, Time: 00:03:05

Health: -2/38      AC:  9    Str: 24    XL:     4   Next: 38%
Magic:  4/4        EV: 10    Int:  8    God:    Qazlal [......]
Gold:   74         SH:  9    Dex: 11    Spells: 0 memorised, 3 levels left

rFire  . . .     SeeInvis .       - Unarmed
rCold  . . .     Gourm    .     (armour unavailable)
rNeg   . . .     Faith    .     a - +0 shield
rPois  .         Spirit   .     (helmet restricted)
rElec  .         Dismiss  .     m - +2 cloak
rCorr  .         Reflect  .     k - +0 pair of gloves
SustAt .         Harm     .     (no boots)
MR     .....                    (no amulet)
Stlth  +.........               (no ring)
                                (no ring)

@: mighty, not resistant to hostile enchantments, very unstealthy
A: unfitting armour, cold-blooded, AC +5
a: Renounce Religion


You were on level 3 of the Dungeon.
You worshipped Qazlal.
Qazlal was noncommittal.
You were not hungry.

You visited 1 branch of the dungeon, and saw 3 of its levels.

You collected 74 gold pieces.

Inventory:

Missiles
 d - 4 curare-tipped needles
 f - 8 tomahawks (quivered)
Armour
 a - a +0 shield (worn)
 k - a +0 pair of gloves (worn)
 m - a +2 cloak (worn)
Scrolls
 e - a scroll of immolation {unknown}
 i - a scroll of blinking {unknown}
 j - a scroll of fear {unknown}
Potions
 b - a potion of might
 g - 2 potions of heal wounds {unknown}
 h - a potion of haste {unknown}
 l - a potion of berserk rage {unknown}
Comestibles
 c - 4 bread rations
 n - a chunk of flesh


   Skills:
 - Level 3.2 Fighting
 - Level 2.6 Dodging
 - Level 3.0 Shields
 + Level 4.7 Unarmed Combat


You had 3 spell levels left.
You didn't know any spells.

Dungeon Overview and Level Annotations

Branches:
Dungeon (3/15)

Altars:
Qazlal
Vehumet


Innate Abilities, Weirdness & Mutations

Your plain brown scales are hard (AC +5).
Your body does not fit into most forms of armour.
You are cold-blooded and may be slowed by cold attacks.


Message History

The orc wizard casts a spell at you. The puff of frost hits you!
* * * LOW HITPOINT WARNING * * *
The orc wizard casts a spell at you. The magic dart hits you!
* * * LOW HITPOINT WARNING * * *
Drink which item? (? for menu, Esc to quit)
You feel very mighty all of a sudden.
The orc wizard hits you but does no damage.
You block the orc wizard's attack.
You hit the orc wizard.
Your tail-slap misses the orc wizard.
The orc wizard is severely wounded.
The orc wizard hits you with a dagger.
* * * LOW HITPOINT WARNING * * *
You closely miss the orc wizard. You tail-slap the orc wizard.
The orc wizard is severely wounded.
The orc wizard barely misses you.
The orc wizard points at you and mumbles some strange words.
The magic dart hits you!
You die...

...........# .#
...........# # ######.#
...........# .# .......
.....o.....###.# .....#
###########oo.....# .....#
#....######.......# .....#
#........##.......# .....#
#........##o......# ..####
#........@oo..)...# ..#
#.##.##.###......##
..######.##.##.#...........
......)..##.##.##....######
###########.....#........
##### ####.....###### ....
.....#.##.#
...##########.#.##.#
..<........ #.#.##.#


You could see an orc wizard and 2 orcs.

Vanquished Creatures
  An orc wizard (D:3)
  An adder (D:2)
  An ooze (D:1)
  3 dart slugs (D:1)
  An orc (D:3)
  A ball python (D:3)
  5 bats
  A giant cockroach (D:1)
  5 goblins
  5 hobgoblins
  9 jackals (D:1)
  6 kobolds
  A quokka (D:2)
  4 giant newts
  2 rats
46 creatures vanquished.

Notes
Turn   | Place    | Note
--------------------------------------------------------------
     0 | D:1      | Moloch the Draconian Fighter began the quest for the Orb.
     0 | D:1      | Reached XP level 1. HP: 19/19 MP: 1/1
   142 | D:1      | Reached XP level 2. HP: 24/26 MP: 2/2
   143 | D:1      | Reached skill level 3 in Unarmed Combat
   231 | D:1      | Reached XP level 3. HP: 24/31 MP: 3/3
   744 | D:2      | Found a radiant altar of Vehumet.
   745 | D:2      | Found a stormy altar of Qazlal.
   785 | D:2      | Reached skill level 4 in Unarmed Combat
   936 | D:2      | Became a worshipper of Qazlal Stormbringer
  1578 | D:3      | Reached XP level 4. HP: 37/38 MP: 4/4
  1614 | D:3      | Killed from afar by an orc wizard

Vault maps used:
D:1:      dpeg_arrival_brainrot
D:2:      gammafunk_temple_overflow_pools, minmay_misc_feat_chi

Skill      XL: |  1  2  3 |
---------------+----------+-----
Unarmed Combat | 3 4 |  4.7
Fighting       | |  3.2
Dodging        | |  2.6
Shields        | |  3.0

Action                   |  1- 3 |  4- 6 || total
-------------------------+-------+-------++-------
Melee: Unarmed           |   162 |    20 ||   182
       Tailslap          |    22 |     4 ||    26
  Use: Potion            |       |     1 ||     1
  Eat: Chunk             |     2 |       ||     2
Armor: Skin              |    50 |     5 ||    55
Dodge: Dodged            |    67 |     3 ||    70
Block: Shield            |    69 |     4 ||    73
